 Dungeon Crawl Stone Soup version 0.29-a0-551-gffc1d7fb78 (webtiles) character file.

Game seed: 18141521281386941987

15 xian the Magician (level 2, 0/21 HPs)
             Began as a Djinni Hedge Wizard on June 5, 2022.
             Slain by a gnoll
             ... wielding a +0 club
              (2 damage)
             ... on level 2 of the Dungeon.
             The game lasted 00:02:15 (1389 turns).

xian the Magician (Djinni Hedge Wizard)             Turns: 1389, Time: 00:02:16

Health: 0/21       AC:  2    Str:  9    XL:     2   Next: 65%
Gold:   65         EV: 10    Int: 15    God:
                   SH:  6    Dex: 12

rFire   + + .      SeeInvis .   a - +1 dagger
rCold   x . .      Faith    .   f - +0 kite shield
rNeg    . . .      Spirit   .   b - +0 robe
rPois   ∞          Reflect  .   c - +0 hat
rElec   .          Harm     .   (no cloak)
rCorr   .          Rampage  .   (no gloves)
Will    .....                   (boots unavailable)
Stlth   ++........              (no amulet)
HPRegen 0.07/turn               (no ring)
MPRegen 0.00/turn               (no ring)

@: flying
A: sickness immunity, fire resistance 2, cold vulnerability 1, float, innate
caster, HP casting, extra vitality 1
a: no special abilities


You were on level 2 of the Dungeon.
You visited 1 branch of the dungeon, and saw 2 of its levels.

You collected 65 gold pieces.

Inventory:

Hand Weapons
 a - a +1 dagger (weapon)
Armour
 b - a +0 robe (worn)
 c - a +0 hat (worn)
 f - a +0 kite shield (worn)
Scrolls
 e - a scroll of identify
Potions
 d - a potion of curing
 g - a potion of mutation {unknown}
 i - a potion of cancellation {unknown}


   Skills:
 + Level 0.2 Short Blades
 + Level 2.3 Dodging
 + Level 1.7 Stealth
 + Level 2.8 Spellcasting


You couldn't memorise any spells.
You knew the following spells:

 Your Spells              Type           Power      Damage    Failure   Level
a - Magic Dart            Conj           40%        1d5       22%         1
b - Blink                 Tloc           20%        N/A       34%         2
c - Call Imp              Summ           10%        N/A       34%         2
d - Slow                  Hex            40%        N/A       22%         1
e - Conjure Flame         Conj/Fire      10%        6-21      56%         3
f - Mephitic Cloud        Conj/Pois/Air  10%        N/A       56%         3
Your spell library was empty.

Dungeon Overview and Level Annotations

Branches:
Dungeon (2/15)

Altars:


Innate Abilities, Weirdness & Mutations

You are immune to sickness and miasma.
You are immune to poison.
Your flesh is very heat resistant. (rF++)
You are vulnerable to cold. (rC-)
You float through the air rather than walking.
You learn spells naturally, not from books.
Your magical power is your life essence.
You have superior vitality. (+4 MHP)


Message History

You see here a +0 whip.
An endoplasm comes into view.
You hit the endoplasm.
The endoplasm is heavily wounded.
You block the endoplasm's attack.
You hit the endoplasm.
The endoplasm is severely wounded.
You block the endoplasm's attack.
You hit the endoplasm.
You kill the endoplasm!
You now have 65 gold pieces (gained 12).
j - a scroll labelled APTEON JUALLI
As you read the scroll labelled GOLOAS ZAILL, it crumbles to dust.
You feel strangely unstable.
It was a scroll of teleportation.
As you read the scroll labelled APTEON JUALLI, it crumbles to dust.
It is a scroll of enchant weapon.
Your +0 dagger glows red for a moment.
Found a faded altar of an unknown god.
Your surroundings suddenly seem different.
There is a faded altar of an unknown god here.
Done exploring.
There is a stone staircase leading down here.
You fly downwards.
There is a stone staircase leading up here. 3 gnolls come into view.
The magic dart hits the gnoll but does no damage.
The gnoll shouts! x2; You hear a shout!
The gnoll shouts!
The magic dart hits the gnoll.
The gnoll is lightly wounded.
The gnoll hits you with a +0 club!
The gnoll hits you from afar with a +0 spear!
* * * LOW HITPOINT WARNING * * *
A gnoll comes into view. It is wielding a +0 flail.
You are too injured to fight recklessly!
You are too injured to fight recklessly!
You are too injured to fight recklessly!
You are too injured to fight recklessly!
You are too injured to fight recklessly!
The gnoll attacks as you move away! The gnoll hits you with a +0 club.
You die...

#####
#...#
#.#@#
#<#g#
###g#
...g....#
...g#####
..


You could see 2 gnolls.

Vanquished Creatures
  A dart slug (D:1)
  A bat (D:1)
  4 endoplasms (D:1)
  A kobold (D:1)
  2 quokkas (D:1)
  A frilled lizard (D:1)
  A rat (D:1)
11 creatures vanquished.

Notes
Turn   | Place    | Note
-------+----------+-------------------------------------------
     0 | D:1      | xian the Djinni Hedge Wizard began the quest for the Orb.
     0 | D:1      | Reached XP level 1. HP: 15/15 MP: 0/0
     3 | D:1      | Noticed an electric eel
     4 | D:1      | Noticed an electric eel
   464 | D:1      | Reached XP level 2. HP: 17/21 MP: 0/0
  1299 | D:1      | Found a faded altar of an unknown god.
  1389 | D:2      | Slain by a gnoll

Illustrated notes

Levels and vault maps discovered:
D:1:      arrival_aquarium_b, layout_loops_cross,
          chequers_ecumenical_altar_grove
D:2:      minmay_skewed_foursquare, layout_basic,
          amcnicky_mini_rare_corridor_liquid, chequers_serial_rivers_room_a

Action                   || total
-------------------------++-------
Melee: Dagger            ||    17
 Cast: Magic Dart        ||    24
  Use: Scroll            ||     6
 Stab: Sleeping          ||     1
Armor: Robe              ||     2
Dodge: Dodged            ||     8
Block: Kite shield       ||     4

Table legend: (Time is in decaauts)
 A = Elapsed time spent in this place.
 B = Non-inter-level travel time spent in this place.
 C = Inter-level travel time spent in this place.
 D = Time resting spent in this place.
 E = Time spent auto-exploring this place.
 F = Levels seen in this place.
 G = Mean time per level.
                   A        B        C        D        E       F      G
               +--------+--------+--------+--------+--------+-----+--------+
         Total |   1390 |   1351 |     39 |    261 |    960 |   2 |  695.0 |
       Dungeon |   1390 |   1351 |     39 |    261 |    960 |   2 |  695.0 |
               +--------+--------+--------+--------+--------+-----+--------+

Top non-repeatable levels by time:
     D:1: 1379 daAuts
     D:2: 10 daAuts
